Map: Odyssee LE

Players

Porphyriel

  • Race: Terran Terran
  • League: Diamond
  • Spawn Location: 5:00

Panda - Winner!

  • Race: Zerg Zerg
  • League: Diamond
  • Spawn Location: 11:00

VOD

Have the link to the VOD?

Description

Time

  • Played on: Sept. 8, 2017, 2:29 p.m.
  • Length: 21:36
Show
View Real Time Build Order
Export as new Build Order

Porphyriel Terran 

Build Orders:  

Get SALT Encoding   

  12  0:01  SCV  
  13  0:13  SCV  
  14  0:18  Supply Depot  
  14  0:25  SCV  
  15  0:34  Refinery  
  15  0:42  Barracks  
  15  0:47  SCV  
  16  0:54  Refinery  
  16  0:59  SCV  
  17  1:11  SCV  
  18  1:23  SCV  
  19  1:31  Factory  
  19  1:35  SCV  
  19  1:39  Barracks Reactor  
  20  1:47  Orbital Command  
  20  1:53  Supply Depot  
  20  2:13  SCV  
  21  2:16  Hellion  
  21  2:17  Marine x2  
  25  2:30  Starport  
  25  2:40  Starport  
  25  2:53  Hellion x2  
  29  2:59  Supply Depot  
  29  3:00  SCV  
  30  3:09  Starport Tech Lab  
  30  3:12  SCV  
  31  3:18  Starport Tech Lab  
  31  3:21  Widow Mine  
  31  3:23  Supply Depot  
  29  3:29  Widow Mine  
  29  3:33  Marine  
  30  3:40  Raven  
  30  3:47  Banshee  
  9  4:48  SCV  
  10  5:07  SCV  
  11  5:17  Factory Reactor  
  11  5:19  SCV  
  12  5:31  SCV  
  13  5:44  SCV  
  13  5:45  Supply Depot  
  14  5:57  SCV  
  15  6:09  SCV  
  16  6:14  Banshee  
  19  6:21  SCV  
  20  6:34  SCV  
  21  6:46  SCV  
  22  6:58  SCV  
  20  7:17  SCV  
  21  7:25  Command Center  
  21  7:29  SCV  
  22  7:33  Engineering Bay  
  22  7:41  SCV  
  23  7:53  SCV  
  23  7:54  Widow Mine  
  26  8:05  Marine, SCV  
  28  8:17  SCV  
  29  8:20  Bunker  
  29  8:22  Widow Mine  
  29  8:23  Marine  
  32  8:29  SCV  
  33  8:40  Marine  
  34  8:42  SCV  
  34  8:46  Missile Turret  
  35  8:54  SCV  
  36  8:58  Marine, Planetary Fortress  
  37  9:06  SCV  
  38  9:10  Refinery  
  38  9:12  Widow Mine  
  40  9:18  SCV  
  40  9:23  Refinery  
  41  9:30  SCV  
  42  9:36  SCV  
  42  9:37  Bunker  
  43  9:42  SCV  
  44  9:48  SCV  
  45  9:53  Marine  
  45  9:54  SCV  
  47  10:00  SCV  
  47  10:06  SCV  
  49  10:11  Marine  
  49  10:12  SCV  
  51  10:18  SCV  
  52  10:22  Widow Mine  
  52  10:24  SCV  
  55  10:28  Marine  
  55  10:46  Marine  
  51  10:58  Missile Turret  
  51  11:00  Missile Turret x2  
  48  11:04  Marine  
  43  11:22  Marine  
  35  11:28  SCV x2  
  32  11:34  Widow Mine  
  32  11:35  Widow Mine  
  36  11:40  Marine  
  35  11:52  SCV  
  35  11:57  Marine  
  35  12:03  Widow Mine x2  
  35  12:05  SCV  
  40  12:09  Missile Turret  
  40  12:12  Missile Turret  
  40  12:15  Marine  
  39  12:26  Missile Turret  
  39  12:30  Starport  
  39  12:32  Cyclone x2  
  39  12:33  Marine  
  46  12:54  Marine  
  46  13:07  Supply Depot  
  46  13:09  Supply Depot  
  45  13:28  Marine  
  45  13:31  Cyclone x2  
  50  13:46  Marine  
  51  14:02  SCV  
  52  14:12  Orbital Command  
  52  14:14  SCV  
  53  14:26  SCV  
  53  14:29  Cyclone  
  53  14:34  Cyclone  
  50  14:38  SCV  
  51  14:48  SCV  
  51  14:49  Engineering Bay  
  51  14:50  SCV  
  53  14:57  Refinery  
  53  15:00  SCV  
  54  15:24  Command Center  
  54  15:42  Missile Turret  
  54  15:46  Supply Depot  
  54  15:48  Supply Depot  
  54  16:04  Supply Depot  
  54  16:07  SCV x2, Widow Mine x2  
  54  16:09  Missile Turret  
  60  16:19  Factory, SCV  
  60  16:22  Barracks Tech Lab  
  61  16:31  SCV  
  62  16:35  Widow Mine x2  
  66  16:44  Starport, SCV  
  67  16:47  Missile Turret  
  67  16:54  Planetary Fortress  
  67  17:04  Factory Tech Lab  
  66  17:22  Starport Tech Lab  
  66  17:23  Siege Tank, Refinery  
  69  17:37  SCV  
  70  17:49  SCV  
  71  17:55  Siege Tank  
  71  17:58  Building Armor  
  74  18:01  SCV  
  78  18:05  Raven  
  77  18:13  SCV  
  77  18:17  Missile Turret x2  
  74  18:25  SCV  
  75  18:35  Siege Tank  
  75  18:37  SCV  
  79  18:46  Widow Mine  
  79  18:47  Widow Mine  
  66  18:48  Raven  
  66  18:49  SCV  
  66  18:54  Missile Turret  
  69  19:01  SCV  
  64  19:14  SCV  
  56  19:24  Missile Turret  
  56  19:31  Cloaking Field  
  56  19:36  Widow Mine x2  
  56  19:38  Hi-Sec Auto Tracking  
  58  19:39  SCV  
  58  19:44  Refinery  
  59  19:48  Refinery  
  53  20:11  SCV x2  
  55  20:22  Widow Mine  
  55  20:23  SCV x2  
  59  20:44  Banshee  
Show
View Real Time Build Order
Export as new Build Order

Panda Zerg - Winner!

Build Orders: Pool First 

Get SALT Encoding   

  12  0:18  Spawning Pool  
  11  0:21  Drone  
  11  0:27  Drone  
  13  0:31  Drone  
  14  0:37  Extractor  
  14  0:38  Drone  
  14  0:47  Overlord  
  14  1:03  Extractor  
  14  1:04  Drone  
  14  1:09  Roach Warren  
  13  1:12  Zergling x2  
  14  1:33  Drone  
  15  1:49  Roach x2  
  15  1:50  Roach  
  21  2:00  Overlord  
  23  2:22  Roach  
  23  2:24  Roach  
  25  2:35  Ravager x2  
  27  2:44  Ravager  
  27  2:57  Roach, Overlord  
  29  3:46  Roach x3  
  29  4:13  Roach x2  
  30  4:35  Drone x2  
  30  4:38  Queen  
  30  4:39  Evolution Chamber  
  27  4:57  Hatchery  
  22  5:10  Drone x3  
  22  5:11  Metabolic Boost  
  23  5:16  Queen  
  25  5:22  Drone  
  24  5:41  Drone  
  25  5:49  Spore Crawler x2  
  23  5:51  Spore Crawler  
  23  5:56  Spore Crawler  
  21  5:58  Lair  
  22  6:04  Drone x4  
  25  6:22  Drone x2  
  27  6:36  Spore Crawler  
  24  6:52  Drone x2  
  24  6:53  Queen, Drone  
  26  7:21  Drone x7  
  33  7:25  Drone  
  33  7:26  Drone x2  
  36  7:31  Extractor  
  36  7:32  Extractor  
  34  7:46  Spire  
  34  7:49  Drone  
  34  7:54  Drone  
  34  7:55  Drone  
  36  8:05  Drone x3  
  39  8:17  Drone  
  39  8:18  Drone x4  
  44  8:29  Overlord x2  
  42  8:40  Overseer  
  42  8:49  Overlord x2  
  42  8:53  Drone x5  
  47  9:00  Zergling x8  
  47  9:01  Zergling x2  
  52  9:19  Mutalisk  
  52  9:20  Mutalisk x2  
  58  9:28  Mutalisk x4  
  66  9:35  Mutalisk  
  66  9:36  Mutalisk  
  70  9:46  Mutalisk  
  70  9:47  Mutalisk  
  74  9:58  Mutalisk  
  76  10:00  Overlord x3  
  76  10:15  Hatchery  
  68  10:48  Mutalisk x2  
  68  10:49  Mutalisk  
  74  10:50  Zergling x12  
  80  11:03  Roach, Zergling x2  
  75  11:36  Zergling x4  
  75  11:37  Zergling x10  
  73  12:03  Mutalisk x6  
  73  12:04  Mutalisk  
  87  12:21  Roach  
  87  12:22  Roach x3  
  94  12:34  Roach x4  
  94  12:35  Queen  
  104  12:38  Drone  
  100  13:26  Roach, Overseer  
  104  13:27  Roach  
  104  13:28  Overlord  
  104  13:29  Overlord x2  
  102  13:47  Roach  
  102  13:48  Roach x6  
  112  14:34  Roach x6  
  112  14:35  Roach x3  
  108  14:49  Drone  
  99  15:26  Zergling x16  
  99  15:27  Zergling x14  
  112  15:33  Extractor  
  112  15:35  Extractor  
  110  15:39  Infestation Pit  
  107  15:59  Zergling x2  
  107  16:00  Zergling x12  
  112  16:06  Baneling Nest  
  111  16:16  Hive  
  111  16:18  Zerg Ground Armor Level 1  
  111  16:19  Hatchery  
  111  16:21  Evolution Chamber  
  109  16:29  Hatchery  
  109  16:31  Swarm Host x7  
  129  16:38  Glial Reconstitution  
  129  16:47  Drone  
  129  16:48  Overlord x2  
  129  16:49  Overlord x3  
  113  17:52  Baneling x3  
  113  17:53  Baneling x8  
  113  17:54  Roach  
  113  17:55  Swarm Host  
  113  17:56  Swarm Host x18  
  172  18:05  Drone x2  
  174  18:07  Drone x2  
  174  18:08  Drone  
  151  19:14  Roach, Infestor  
  151  19:15  Infestor x2  
  151  19:16  Infestor, Corruptor x2  
  165  19:42  Overlord  
  165  20:07  Overseer  
  165  20:23  Overlord  
  165  20:24  Overlord x5  
  165  20:27  Extractor  
  164  20:29  Extractor  
  156  21:13  Overlord x4  
  156  21:14  Overlord x3  
Tags
 
Matchup
TvZ
Opening
Pool First
Replay Pack
replays1
Spawn Locations
Cross Positions
Add a new tag
Caveats
  • Supply blocks, unpowered buildings, or Contaminate may cause inaccurate times.
  • Supply counts are checked every 10 seconds.